 Dungeon Crawl Stone Soup version 0.28.0-45-g0d030f2227 (webtiles) character file.

Game seed: 1146509880820991348

255 NinjaNoafa the Ruffian (level 5, -2/42 HPs)
             Began as a Draconian Transmuter on Apr 12, 2022.
             Was an Initiate of Fedhas.
             Killed from afar by an orc (7 damage)
             ... with a puff of flame
             ... on level 4 of the Dungeon.
             The game lasted 00:06:34 (2907 turns).

NinjaNoafa the Ruffian (Draconian Transmuter)       Turns: 2907, Time: 00:06:34

Health: -2/42      AC:  7    Str: 12    XL:     5   Next: 91%
Magic:  8/9        EV: 12    Int: 16    God:    Fedhas [......]
Gold:   162        SH:  0    Dex: 11    Spells: 8/9 levels left

rFire   . . .      SeeInvis .     - Unarmed
rCold   + . .      Faith    .   (no shield)
rNeg    + . .      Spirit   .   (armour unavailable)
rPois   .          Reflect  .   (helmet currently unavailable)
rElec   .          Harm     .   c - +1 cloak
rCorr   .          Rampage  .   (no gloves)
Will    +....                   (boots currently unavailable)
Stlth   +.........              (no amulet)
HPRegen 0.14/turn               f - ring of positive energy
MPRegen 0.11/turn               (no ring)

@: appendages
A: horns 2, talons 2, AC +5, unfitting armour, cold-blooded, cold resistance 1,
strong-willed 1, wild magic 1
a: End Transformation, Renounce Religion


You were on level 4 of the Dungeon.
You worshipped Fedhas.
Fedhas was noncommittal.
You had temporarily grown beastly horns and talons.
You visited 2 branches of the dungeon, and saw 5 of its levels.

You collected 162 gold pieces.

Inventory:

Hand Weapons
 j - a +0 vorpal hunting sling
Missiles
 d - 115 stones
 l - 10 sling bullets
 n - 6 poisoned darts
Armour
 c - a +1 cloak (worn)
Jewellery
 f - a ring of positive energy (left hand)
Scrolls
 a - a scroll of teleportation {unknown}
 b - a scroll of brand weapon {unknown}
 g - 2 scrolls of vulnerability
 h - 3 scrolls of identify
 i - a scroll of magic mapping
 k - a scroll of noise {unknown}
 m - a scroll of blinking {unknown}
Potions
 e - a potion of mutation


   Skills:
 + Level 2.7 Fighting
 + Level 1.4 Slings
 + Level 2.9 Dodging
 + Level 3.9 Unarmed Combat
 + Level 2.9 Spellcasting
 + Level 3.1 Transmutations


You had 8 spell levels left.
You knew the following spells:

 Your Spells              Type           Power      Damage    Failure   Level
a - Beastly Appendage     Tmut           32%        N/A       9%          1

Your spell library contained the following spells:

 Spells                   Type           Power      Damage    Failure   Level
 Wereblood                Tmut           16%        N/A       12%         2
 Spider Form              Tmut/Pois      9%         N/A       38%         3
 Gell's Gravitas          Tloc           3%         N/A       58%         3
 Teleport Other           Tloc           3%         N/A       58%         3
 Ice Form                 Ice/Tmut       9%         N/A       77%         4
 Dispersal                Tloc           1%         N/A       100%        6


Dungeon Overview and Level Annotations

Branches:
Dungeon (4/15)             Temple (1/1) D:4

Altars:
Ashenzari
Cheibriados
Dithmenos
Fedhas
Gozag
Hepliaklqana
Kikubaaqudgha
Makhleb
Nemelex Xobeh
Okawaru
Qazlal
Ru
Trog
Uskayaw
Vehumet
Wu Jian
Xom
Yredelemnul
Zin


Innate Abilities, Weirdness & Mutations

You have temporarily grown beastly horns and talons.
Your plain brown scales are hard. (AC +5)
You cannot fit into any form of body armour.
You are cold-blooded and may be slowed by cold attacks.
Your flesh is cold resistant. (rC+)
You are strong-willed. (Will+)
Your spells are a little harder to cast, but a little more powerful.


Message History

The orc shouts!
The orc priest shouts!
The orc shouts!
You hear an angry hiss.
The orc priest mumbles some strange prayers to Beogh against you.
Beogh smites you!
Casting: Beastly Appendage (safe; 9% risk of failure)
Confirm with . or Enter, or press ? or * to list all spells.
You grow a pair of large bovine horns.
Your feet morph into talons.
An adder comes into view.
An orc comes into view. It is wielding a +0 mace.
The orc zaps a wand.
The puff of flame hits you.
You hit the kobold. Your kick misses the kobold.
The kobold is moderately wounded.
The kobold closely misses you.
You hit the kobold but do no damage.
The kobold is moderately wounded.
The orc closely misses you. The kobold closely misses you.
You hit the orc. You headbutt the orc.
The orc is heavily wounded.
The kobold hits you but does no damage. The orc hits you but does no damage.
Space warps around you.
The orc priest mumbles some strange prayers to Beogh against you.
Beogh smites you!
* * * LOW HITPOINT WARNING * * *
The orc closely misses you. The orc misses you.
The orc hits you but does no damage.
The orc hits you with a +2 whip of distortion.
* * * LOW HITPOINT WARNING * * *
You blink.
A goblin comes into view. It is wielding a +0 dagger.
Found a stone staircase leading up.
The kobold throws a stone.
The stone closely misses you.
As you read the scroll labelled LOODGH ZAPUI, it crumbles to dust.
It is a scroll of identify.
g - 2 scrolls of vulnerability The goblin shouts!
The adder bites you but does no damage.
As you read the scroll labelled WAUSMA FOPN, it crumbles to dust.
You feel aware of your surroundings.
It was a scroll of magic mapping.
The orc zaps a wand.
The puff of flame hits you!
You die...
Fedhas appreciates your contribution to the ecosystem.

......#**,*,,,,*,**,,,,****
........,.<....#......##
......[#,..........g...#*
.......#................*
........................*
.....,.#................*
.....,..................*
........>...............*
##><#.........oS@.......*
*#..........oKo.......#*
###...##...o.##.....##
**#.........#......####
..............###### ****
.............######*****,,*
#######...........?.,,,,,,*
≈≈≈≈≈≈#.....#####...,******
≈≈≈≈≈≈#.....# *,,****


You could see an orc priest, an adder, 3 orcs, a goblin and a kobold.

Vanquished Creatures
  An ogre (D:4)
  2 hounds (D:4)
  2 orc wizards (D:4)
  An adder (D:2)
  A worm (D:2)
  2 dart slugs (D:1)
  2 orcs (D:4)
  5 bats
  4 endoplasms
  2 giant cockroaches (D:1)
  10 goblins
  3 hobgoblins
  3 jackals (D:1)
  5 quokkas
  4 ball pythons
  A frilled lizard (D:1)
  3 kobolds
  3 rats
54 creatures vanquished.

Notes
Turn   | Place    | Note
-------+----------+-------------------------------------------
     0 | D:1      | NinjaNoafa the Draconian Transmuter began the quest for the
                  | Orb.
     0 | D:1      | Reached XP level 1. HP: 16/16 MP: 3/3
   410 | D:1      | Reached XP level 2. HP: 17/23 MP: 3/5
   568 | D:1      | Found a faded altar of an unknown god.
  1139 | D:2      | Found a sacrificial altar of Ru.
  1366 | D:2      | Reached XP level 3. HP: 28/29 MP: 4/6
  2187 | D:3      | You fall into a shaft and drop 1 floor!
  2203 | D:4      | Reached XP level 4. HP: 19/36 MP: 7/7
  2348 | D:4      | Gained mutation: Your flesh is cold resistant. (rC+)
                  | [potion of mutation]
  2348 | D:4      | Gained mutation: You are strong-willed. (Will+) [potion of
                  | mutation]
  2348 | D:4      | Gained mutation: Your spells are a little harder to cast,
                  | but a little more powerful. [potion of mutation]
  2369 | D:4      | Reached XP level 5. HP: 28/42 MP: 7/9
  2493 | D:4      | Found a staircase to the Ecumenical Temple.
  2503 | Temple   | Entered the Ecumenical Temple
  2602 | Temple   | Became a worshipper of Fedhas Madash
  2647 | D:4      | Noticed an ogre
  2659 | D:4      | Killed an ogre
  2660 | D:4      | Reached skill level 1 in Slings
  2862 | D:4      | Found an ornate altar of the Wu Jian Council.
  2907 | D:4      | Killed from afar by an orc

Illustrated notes

Levels and vault maps discovered:
D:1:      nagdon_arrival_zigzag_paths, layout_loops_corners,
          basic_ecumenical_altar
D:2:      kennysheep_the_goblin_king, layout_basic, basic_altar
D:3:      layout_loops_cross, portal_sewer_entry_d
D:4:      layout_rooms, nzn_wu_jian_contemplation, temple_statues,
          chequers_serial_rivers_micro_c
Temple:   compressed_dpeg_circular_temple

Skill      XL: |  1  2  3  4  5 |
---------------+----------------+-----
Dodging        | 2 |  2.9
Fighting       | 2 |  2.7
Slings         | 1 |  1.4
Transmutations | 3 |  3.1
Unarmed Combat | |  3.9
Spellcasting   | |  2.9

Action                   |  1- 3 |  4- 6 || total
-------------------------+-------+-------++-------
Melee: Unarmed           |   105 |    39 ||   144
       Tailslap          |     3 |     2 ||     5
       Headbutt          |     8 |     4 ||    12
       Kick              |    13 |    12 ||    25
       Punch             |     1 |     1 ||     2
       Hunting sling     |     3 |       ||     3
 Fire: Hunting sling     |    22 |    11 ||    33
 Cast: Beastly Appendage |    21 |     5 ||    26
  Use: Potion            |       |     1 ||     1
       Scroll            |       |     2 ||     2
Armor: Skin              |    65 |    14 ||    79
Dodge: Dodged            |    94 |    36 ||   130
